Unix NetHack Version 5.0.0-0 post-release - last build May 22 2026 02:22:16 (99d1c3b6dc4b13757aaa5824b55bdea4e1e63757,branch:main).

Game began 2026-05-22 10:04:32, ended 2026-05-23 00:45:12.

Kwijibo4686, neutral female human Valkyrie

    ---
   --.----
   |...|.--[
   |.......--
  ---^...<..-
  |...)---...
---..).| |..
|...)|.| ---
|...-|.---
--.--|...--
 --- ---.@G
       ----

Kwijibo4686 the Fighter     St:15 Dx:16 Co:18 In:9 Wi:8 Ch:9  Neutral
Dlvl:8  $:248 HP:0(57) Pw:16(16) AC:0  Xp:6 T:2349  Hungry  

Latest messages:
 The gnome misses!
 You kill the gnome!
 You are hit by a crossbow bolt.
 You are hit by a crossbow bolt.
 A crossbow bolt misses you.
 The gnome lord swings his crossbow.
 The gnome lord misses!
 You hit the gnome lord!
 The gnome lord swings his crossbow.
 The gnome lord hits!
 You hit the gnome lord!
 The gnome lord swings his crossbow.
 The gnome lord hits!
 You hit the gnome lord!
 The gnome lord swings his crossbow.
 The gnome lord hits!
 You kill the gnome lord!
 e - a scroll labeled VE FORBRYDERNE.
 You hear crashing rock.
 You fall into a pit!
 You are still in a pit.
 You are still in a pit.
 You are still in a pit.
 You crawl to the edge of the pit.
 The gnome misses!
 You kill the gnome!
 You hit the dwarf!
 The dwarf swings his pick-axe.
 The dwarf hits!
 You hit the dwarf!
 The dwarf swings his pick-axe.
 The dwarf hits!
 You kill the dwarf!
 You are carrying too much to get through.
 You are carrying too much to get through.
 You are carrying too much to get through.
 You see here 2 crossbow bolts.
 You are hit by a dagger.
 The gnome thrusts one of her daggers.
 The gnome misses!
 You kill the gnome!
 You hear a nearby zap.
 The gnome lord hits!
 You hit the gnome lord.
 The gnome lord hits!
 Are you sure you want to pray? [yn] (n) y
 You begin praying to Odin.
 The gnome lord hits!
 You die...
 Do you want your possessions identified? [ynq] (y) q

Inventory:
 Coins    ('$')
  $ - 248 gold pieces
 Weapons  (')')
  b - a +0 dagger
  s - a +1 spear (weapon in right hand)
 Armor    ('[')
  I - an uncursed +0 dwarvish iron helm (being worn)
  p - an uncursed +0 pair of iron shoes (being worn)
  c - an uncursed +3 small shield (being worn)
  C - a blessed +0 leather armor (being worn)
 Scrolls  ('?')
  J - an uncursed scroll of magic mapping
  e - an uncursed scroll of teleportation
 Wands    ('/')
  o - a wand of striking (0:2)
 Tools    ('(')
  a - an uncursed bag of holding containing 16 items
  M - an uncursed blindfold
  K - an uncursed lock pick
  E - an uncursed oil lamp
  q - a +0 pick-axe (alternate weapon; not wielded)
  L - an uncursed skeleton key
  d - an uncursed stethoscope
 Gems/Stones  ('*')
  v - an uncursed luckstone

Contents of the bag of holding:
  a cursed amulet of restful sleep
  2 uncursed slime molds
  3 uncursed food rations
  a cursed food ration
  2 uncursed tins of gnome meat
  a blessed scroll of amnesia
  2 uncursed scrolls of blank paper
  a cursed scroll of blank paper
  2 uncursed scrolls of identify
  an uncursed potion of paralysis
  a cursed potion of monster detection
  a blessed potion of extra healing
  an uncursed potion of oil
  an uncursed potion of healing
  an uncursed partly used tallow candle
  2 uncursed tallow candles

Kwijibo4686 the Valkyrie's attributes:

Background:
 You were a Fighter, a level 6 human Valkyrie.
 You were neutral, on a mission for Odin
 who was opposed by Tyr (lawful) and Loki (chaotic).
 You were right-handed.
 You were in the Gnomish Mines, on level 8.
 You entered the dungeon 2349 turns ago.
 It was the midnight hour.
 You had 617 experience points, 23 more were needed to attain level 7.

Basics:
 You had 0 out of 57 hit points.
 You had all 16 energy points (spell power).
 Your armor class was 0.
 Your wallet contained 248 zorkmids.
 Autopickup was on for '$?!/="' plus thrown.

Final Characteristics:
 Your strength was 15 (peak:16, limit:18/100).
 Your dexterity was 16 (limit:18).
 Your constitution was 18 (limit:18).
 Your intelligence was 9 (limit:18).
 Your wisdom was 8 (limit:18).
 Your charisma was 9 (limit:18).

Final Status:
 You were hungry.
 You were unencumbered.
 You were wielding a spear.
 You were skilled in spear.

Final Attributes:
 You were piously aligned.
 You were cold resistant.
 You were stealthy.
 You were warded.
 You were lucky.
 You had extra luck.
 Bad luck did not time out for you.
 Good luck did not time out for you.
 You are dead.

Miscellaneous:
 You didn't encounter any bones levels.
 Total elapsed playing time was 19 minutes and 6 seconds.

Major events:
 Turn
    1: Kwijibo4686 the neutral human Valkyrie entered the dungeon
  351: found Fire Brand in a shop
  706: entered the Gnomish Mines
  721: attained the rank of Skirmisher (level 3)
 1681: attained the rank of Fighter (level 6)
 1720: reached Mine Town
 2349: killed by a gnome lord, while praying

You didn't know any spells.

Skills:
 Fighting Skills
   bare handed combat [Unskilled]
   two weapon combat  [Unskilled]
   riding             [Unskilled]
 Weapon Skills
   dagger             [Basic]
   axe                [Unskilled]
   pick-axe           [Unskilled]
   short sword        [Unskilled]
   broadsword         [Unskilled]
   long sword         [Unskilled]
   two-handed sword   [Unskilled]
   saber              [Unskilled]
   hammer             [Unskilled]
   quarterstaff       [Unskilled]
   polearms           [Unskilled]
   spear              [Skilled]
   trident            [Unskilled]
   lance              [Unskilled]
   sling              [Unskilled]
 Spellcasting Skills
   attack spells      [Unskilled]
   escape spells      [Unskilled]

Voluntary challenges:
 Character rerolling was not enabled.
 You were illiterate.
 You never genocided any monsters.
 You never polymorphed an object.
 You never changed form.
 You used no wishes.
Achievements:
 You entered a shop.
 You entered the Gnomish Mines.
 You attained the rank of Skirmisher.
 You attained the rank of Fighter.
 You entered Minetown.
 You entered a temple.

 The Dungeons of Doom: levels 1 to 3
    Level 1:
       A fountain.
    Level 2:
       A general store, a fountain.
    Level 3:
       Some fountains.
       Stairs down to The Gnomish Mines.
 The Gnomish Mines: levels 4 to 8
    Level 4:
    Level 5:
    Level 6:
    Level 7:
       Many shops, a temple and an altar, some fountains.
    Level 8: <- You were here.
       Final resting place for
          you, killed by a gnome lord, while praying.


Vanquished creatures:
  a small mimic
  a gnome ruler
  a gold golem
  a bugbear
  a water nymph
  4 gnome leaders
  2 gnomish wizards
  a paper golem
  8 dwarves
  a homunculus
  a kobold leader
  a rothe
  a giant bat
  a hobbit
  a large kobold
  2 giant rats
  a red mold
 30 gnomes
  a gnome zombie
  a gecko
  a fox
  2 kobolds
  3 goblins
  2 sewer rats
  5 grid bugs
  2 lichens
  3 newts
79 creatures vanquished.

No species were genocided or became extinct.

Game over:
                       ----------
                      /          \
                     /    REST    \
                    /      IN      \
                   /     PEACE      \
                  /                  \
                  |   Kwijibo4686    |
                  |      248 Au      |
                  |   killed by a    |
                  |    gnome lord    |
                  |                  |
                  |                  |
                  |       2026       |
                 *|     *  *  *      | *
        _________)/\\_//(\/(/\)/\//\/|_)_______

Farvel Kwijibo4686 the Valkyrie...

You died in The Gnomish Mines on dungeon level 8 with 3042 points,
and 248 pieces of gold, after 2349 moves.
You were level 6 with a maximum of 57 hit points when you died.

